 Dungeon Crawl Stone Soup version 0.24-a0-161-g3f7990a (webtiles) character file.

Game seed: 5291598724826933655

88 Dordric the Ruffian (level 4, -2/38 HPs)
             Began as a Ghoul Monk on Mar 5, 2019.
             Killed by divine providence
             ... invoked by an orc priest
              (11 damage)
             ... on level 2 of the Dungeon.
             The game lasted 00:01:47 (1504 turns).

Dordric the Ruffian (Ghoul Monk)                    Turns: 1504, Time: 00:01:48

Health: -2/38      AC:  5    Str: 15    XL:     4   Next: 53%
Magic:  3/3        EV: 11    Int:  5    God:
Gold:   50         SH:  0    Dex: 11    Spells: 3/3 levels left

rFire    . . .     SeeInvis .     - Unarmed
rCold    + . .     Gourm    .   (no shield)
rNeg     + + +     Faith    .   c - +0 ring mail
rPois    ∞         Spirit   .   (no helmet)
rElec    .         Reflect  .   (no cloak)
rCorr    .         Harm     .   (no gloves)
MR       .....                  (no boots)
Stlth    +.........             (no amulet)
HPRegen  0.00/turn              (no ring)
MPRegen  0.08/turn              (no ring)

@: rotting
A: rotting body, claws 1, carnivore, cold resistance 1, negative energy
resistance 3, inhibited regeneration, torment resistance, unbreathing
a: no special abilities


You were on level 2 of the Dungeon.
You were hungry.

You visited 1 branch of the dungeon, and saw 2 of its levels.

You collected 50 gold pieces.

Inventory:

Armour
 a - a +0 robe
 c - a +0 ring mail (worn)
Jewellery
 d - an uncursed ring of magical power {unknown}
Scrolls
 g - a scroll of identify {unknown}
 h - 3 scrolls of teleportation {unknown}
 k - 2 scrolls of enchant weapon {unknown}
Potions
 e - a potion of invisibility {unknown}
 i - 3 potions of heal wounds {unknown}
 j - 2 potions of curing {unknown}
 l - a potion of haste {unknown}
Comestibles
 b - 5 rations
 f - a chunk of flesh


   Skills:
 - Level 3.2 Fighting
 - Level 2.6 Dodging
 - Level 2.1 Stealth
 + Level 5.7 Unarmed Combat


You had 3 spell levels left.
You didn't know any spells.
Your spell library was empty.

Dungeon Overview and Level Annotations

Branches:
Dungeon (2/15)

Altars:
Fedhas
Kikubaaqudgha


Innate Abilities, Weirdness & Mutations

Your body is rotting away.
You thrive on raw meat.
You are immune to poison.
You have sharp fingernails.
You are carnivorous and can eat meat at any time.
Your flesh is cold resistant. (rC+)
You are immune to negative energy. (rN+++)
You do not regenerate when monsters are visible.
You are immune to unholy pain and torment.
You can survive without breathing.


Message History

You scratch something but do no damage.
The orc priest begins to cast a cantrip, but forgets the words!
Something hits you but does no damage.
Your ring mail prevents you from hitting something.
Something hits you.
You closely miss something. Your claw misses something.
Something barely misses you.
You closely miss something.
The orc priest mumbles some strange prayers to Beogh against you.
Beogh smites you!
You barely miss something. Something hits you.
* * * LOW HITPOINT WARNING * * *
A hobgoblin comes into view. It is wielding a +0 club.
The hobgoblin shouts!
You claw something!
Reactivating autopickup.
You feel a bit more experienced.
The orc priest mumbles some strange prayers to Beogh against you.
Beogh smites you!
You die...

##....#..#
#.######...#....#
#............#.##
########....##.#
##.#.# .# ###.#
.# #.# #####
######)##..o..g
#......@..#
#.##....###
#.##.. #. ###. #.
.# # . .# #


You could see an orc priest and a hobgoblin.

Vanquished Creatures
  An orc wizard (D:2)
  An adder (D:2)
  3 worms (D:2)
  2 dart slugs (D:1)
  2 leopard geckos (D:1)
  An orc (D:2)
  2 ball pythons
  3 bats (D:1)
  3 giant cockroaches
  3 goblins (D:1)
  5 hobgoblins
  8 kobolds
  A frilled lizard (D:2)
  2 rats
37 creatures vanquished.

Notes
Turn   | Place    | Note
-------+----------+-------------------------------------------
     0 | D:1      | Dordric the Ghoul Monk began the quest for the Orb.
     0 | D:1      | Reached XP level 1. HP: 19/19 MP: 0/0
   146 | D:1      | Reached XP level 2. HP: 23/26 MP: 1/1
   246 | D:1      | Reached skill level 4 in Unarmed Combat
   654 | D:1      | Reached XP level 3. HP: 25/31 MP: 2/2
  1071 | D:2      | Found an ancient bone altar of Kikubaaqudgha.
  1073 | D:2      | Found a blossoming altar of Fedhas.
  1104 | D:2      | Reached skill level 5 in Unarmed Combat
  1458 | D:2      | Reached XP level 4. HP: 33/38 MP: 3/3
  1504 | D:2      | Killed from afar by an orc priest

Levels and vault maps discovered:
D:1:      dpeg_arrival_rhombi, layout_basic, minmay_stone_trees_small
D:2:      minmay_evil_eye, layout_loops_ring,
          grunt_temple_overflow_growth_and_decay,
          gammafunk_temple_overflow_statue, first_ration

Skill      XL: |  1  2  3 |
---------------+----------+-----
Unarmed Combat | 4 5 |  5.7
Fighting       | |  3.2
Dodging        | |  2.6
Stealth        | |  2.1

Action                   |  1- 3 |  4- 6 || total
-------------------------+-------+-------++-------
Melee: Unarmed           |   114 |    15 ||   129
       Punch             |     1 |       ||     1
  Eat: Chunk             |     1 |       ||     1
Armor: Ring mail         |    39 |     5 ||    44
Dodge: Dodged            |    71 |     5 ||    76

Table legend:
 A = Non-vault XP
 B = Vault XP
 C = Vault XP percentage of total XP
 D = Non-vault monster count
 E = Vault monster count
 F = Vault count percentage of total count
                 A         B        C        D         E       F
            +---------+---------+-------+---------+---------+-------
      Total |     126 |       0 |   0.0 |      37 |       0 |   0.0
            +---------+---------+-------+---------+---------+-------
        D:1 |      46 |       0 |   0.0 |      21 |       0 |   0.0
        D:2 |      80 |       0 |   0.0 |      16 |       0 |   0.0
            +---------+---------+-------+---------+---------+-------
